 Dungeon Crawl Stone Soup version 0.28-a0-1374-ga75cb3825e (webtiles) character file.

Game seed: 7139339505811262492

108898 Fuegan the Warrior (level 16, -1/114 HPs)
             Began as a Gargoyle Fighter on Dec 31, 2021.
             Was the Champion of Qazlal.
             Slain by a culicivora (14 damage)
             ... on level 4 of the Lair of Beasts.
             The game lasted 01:57:46 (22274 turns).

Fuegan the Warrior (Gargoyle Fighter)              Turns: 22274, Time: 01:57:48

Health: -1/114     AC: 40    Str: 27    XL:     16   Next: 50%
Magic:  24/24      EV: 11    Int: 10    God:    Qazlal [******]
Gold:   2008       SH: 13    Dex: 12    Spells: 15/15 levels left

rFire   + + .      SeeInvis .   y - +4 whip (elec)
rCold   . . .      Faith    .   c - +0 buckler
rNeg    + . .      Spirit   .   u - +3 chain mail of Levity {Dex+3}
rPois   ∞          Reflect  .   (helmet restricted)
rElec   +          Harm     .   z - +2 cloak
rCorr   +          Rampage  .   j - +1 pair of gloves
Will    +....                   e - +2 pair of boots
Stlth   ..........              K - amulet of regeneration
HPRegen 1.09/turn               g - ring of flight
MPRegen 0.19/turn               f - ring of resist corrosion

@: protected from fire, flying, repel missiles
A: sickness immunity, AC +12, big wings, negative energy resistance 1,
electricity resistance, torment resistance 1, petrification resistance, horns 1,
iridescent scales 1, fire resistance 1
a: Renounce Religion, Upheaval, Elemental Force, Disaster Area


You were on level 4 of the Lair of Beasts.
You worshipped Qazlal.
Qazlal was exalted by your worship.
You visited 4 branches of the dungeon, and saw 19 of its levels.
You also visited: Ossuary, Bailey and Gauntlet.

You collected 2008 gold pieces.

Inventory:

Hand Weapons
 y - a +4 whip of electrocution (weapon)
Missiles
 p - 139 poisoned darts (quivered)
 w - 4 curare-tipped darts
 x - 7 throwing nets
 H - 4 datura-tipped darts
Armour
 c - a +0 buckler (worn)
 e - a +2 pair of boots (worn)
 j - a +1 pair of gloves (worn)
 u - the +3 chain mail of Levity (worn) {Dex+3}
   (You found it on level 4 of the Dungeon)

   Dex:       It affects your dexterity (+3).
 z - a +2 cloak (worn)
 M - a +2 chain mail of positive energy
Jewellery
 f - a ring of resist corrosion (right hand)
 g - a ring of flight (left hand)
 K - an amulet of regeneration (around neck)
 V - a ring of see invisible
Wands
 o - a wand of iceblast (20)
 A - a wand of flame (21)
 G - a wand of charming (4)
 J - a wand of paralysis (14)
 N - a wand of acid (3)
 S - a wand of polymorph (5)
Scrolls
 a - 2 scrolls of enchant armour
 b - a scroll of summoning
 h - 7 scrolls of immolation
 i - 6 scrolls of fog
 l - 12 scrolls of teleportation
 m - 5 scrolls of blinking
 n - a scroll of amnesia
 v - 3 scrolls of fear
 F - a scroll of holy word
 P - a scroll of vulnerability {unknown}
 Q - 2 scrolls of torment
 R - 2 scrolls of brand weapon
 U - a scroll of magic mapping
 W - a scroll of identify
Potions
 d - 5 potions of brilliance
 k - 3 potions of haste
 q - 7 potions of attraction
 r - a potion of resistance
 s - 8 potions of curing
 t - 2 potions of ambrosia
 B - a potion of cancellation
 C - 4 potions of mutation
 D - a potion of heal wounds
 I - a potion of might
 L - a potion of flight {unknown}
 O - a potion of invisibility


   Skills:
 * Level 18.0 Fighting
 - Level 1.0 Long Blades
 - Level 2.7(7.4) Axes
 - Level 11.8(12.0) Maces & Flails
 - Level 1.1 Bows
 - Level 1.1 Crossbows
 * Level 14.7 Armour
 + Level 6.9 Dodging
 - Level 4.8 Stealth
 - Level 6.0 Shields
 - Level 1.4 Conjurations
 - Level 1.0 Hexes
 - Level 1.0 Summonings
 - Level 0.8 Necromancy
 - Level 1.0 Translocations
 - Level 0.8 Transmutations
 - Level 1.1 Fire Magic
 - Level 1.1 Ice Magic
 - Level 0.8 Air Magic
 - Level 1.3 Earth Magic
 - Level 1.1 Poison Magic
 * Level 11.0 Invocations


You had 15 spell levels left.
You didn't know any spells.
Your spell library contained the following spells:

 Spells                   Type           Power      Damage    Failure   Level
 Sandblast                Erth           4%         2d4       63%         1
 Shock                    Conj/Air       8%         1d3       65%         1
 Slow                     Hex            8%         N/A       67%         1
 Blink                    Tloc           4%         N/A       80%         2
 Ensorcelled Hibernation  Hex/Ice        4%         N/A       80%         2
 Passwall                 Tmut/Erth      1%         N/A       80%         2
 Corpse Rot               Necr/Air       2%         N/A       83%         2
 Stone Arrow              Conj/Erth      4%         3d7       94%         3
 Call Canine Familiar     Summ           2%         N/A       95%         3
 Confusing Touch          Hex            2%         N/A       95%         3
 Gell's Gravitas          Tloc           2%         N/A       95%         3
 Ignite Poison            Fire/Tmut/Pois 2%         N/A       95%         3
 Lesser Beckoning         Tloc           2%         N/A       95%         3
 Mephitic Cloud           Conj/Pois/Air  2%         N/A       95%         3
 Portal Projectile        Hex/Tloc       4%         N/A       95%         3
 Spider Form              Tmut/Pois      2%         N/A       95%         3
 Summon Guardian Golem    Hex/Summ       2%         N/A       95%         3
 Teleport Other           Tloc           2%         N/A       95%         3
 Swiftness                Air            1%         N/A       96%         3
 Vampiric Draining        Necr           1%         2d6       96%         3
 Airstrike                Air            0%         N/A       100%        4
 Dispel Undead            Necr           1%         3d6       100%        4
 Hailstorm                Conj/Ice       2%         3d3       100%        4
 Ice Form                 Ice/Tmut       2%         N/A       100%        4
 Leda's Liquefaction      Hex/Erth       1%         N/A       100%        4
 Alistair's Intoxication  Tmut/Pois      1%         N/A       100%        5
 Borgnjor's Vile Clutch   Necr/Erth      1%         N/A       100%        5
 Fireball                 Conj/Fire      1%         3d3       100%        5
 Freezing Cloud           Conj/Ice/Air   1%         6-21      100%        5
 Iskenderun's Battlesphe  Conj           2%         2d6       100%        5
 Lee's Rapid Deconstruct  Erth           1%         3d5*      100%        5
 Manifold Assault         Tloc           2%         N/A       100%        5
 Conjure Ball Lightning   Conj/Air       1%         3x3d6     100%        6
 Death Channel            Necr           0%         N/A       100%        6
 Eringya's Noxious Bog    Tmut/Pois      1%         N/A       100%        6
 Simulacrum               Ice/Necr       1%         N/A       100%        6
 Orb of Destruction       Conj           1%         N/A       100%        7
 Spellforged Servitor     Conj/Summ      1%         N/A       100%        7
 Storm Form               Tmut/Air       0%         N/A       100%        7
 Statue Form              Tmut/Erth      Unusable   N/A       N/A         6

Dungeon Overview and Level Annotations

Branches:
Dungeon (11/15)            Temple (1/1) D:5            Lair (6/6) D:11
  Swamp (0/4) Lair:4       Spider (1/4) Lair:4        Slime (0/5) Lair:6
    Orc (0/2) D:11        Ossuary (visited)          Bailey (visited)
Gauntlet (visited)

Altars:
Ashenzari
Cheibriados
Dithmenos
Elyvilon
Fedhas
Gozag
Hepliaklqana
Kikubaaqudgha
Makhleb
Nemelex Xobeh
Okawaru
Qazlal
Ru
Sif Muna
Trog
Uskayaw
Vehumet
Wu Jian
Xom
Yredelemnul
Zin
The Shining One
Beogh
Jiyva

Annotations:
D:8 3 runed translucent doors, exclusion: 3 doors, Somebody's ghost, novice DrCA
Lair:6 1 runed translucent door, exclusion: door


Innate Abilities, Weirdness & Mutations

You are immune to sickness and miasma.
Your stone body is resilient. (AC +12)
You are immune to poison.
Your large and strong wings let you fly.
You resist negative energy. (rN+)
You are resistant to electric shocks. (rElec)
You are resistant to unholy torment.
You are immune to petrification.
You have a pair of small horns on your head.
You are partially covered in iridescent scales. (AC +2)
Your flesh is heat resistant. (rF+)


Message History

The jumping spider completely misses you.
An orb of destruction comes into view.
You hit the jumping spider but do no damage.
Lightning courses through the jumping spider!
You headbutt the jumping spider, but do no damage.
The jumping spider is almost dead.
You whack the jumping spider!
You kill the jumping spider!
Qazlal accepts your kill.
The jumping spider pounces on you but does no damage.
The jumping spider bites you but does no damage.
The culicivora bites you but does no damage.
You miss the jumping spider. You headbutt the jumping spider.
The jumping spider is lightly wounded.
You block the jumping spider's attack. x2
The culicivora bites you but does no damage.
The orb spider begins to weave its threads into a brightly glowing ball.
You closely miss the jumping spider. You headbutt the jumping spider.
The jumping spider is moderately wounded.
The orb of destruction hits you!!
* * * LOW HITPOINT WARNING * * *
You block the jumping spider's attack.
The jumping spider bites you but does no damage.
The jumping spider is healed somewhat.
You block the jumping spider's attack.
The jumping spider bites you but does no damage.
The culicivora is engulfed in blazing flames.
The culicivora bites you but does no damage.
You fly upwards.
Welcome back to the Lair of Beasts!
There is a hole to the Spider Nest here.
Things that are here:
a redback corpse; a tarantella corpse You hit the jumping spider but do no damage.
Lightning courses through the jumping spider!
The jumping spider is heavily wounded.
You block the jumping spider's attack.
The jumping spider bites you but does no damage.
The culicivora is engulfed in blazing flames.
The culicivora bites you!
You die...

...........###..#### ##
......≈≈≈≈.##...P# ####
......≈≈≈≈.P.†...##### #...
......≈≈≈≈.P..##.##..# #...
......≈≈≈≈...#...#^.## #...
......≈≈≈≈..#.####.#^## #...
......≈≈≈≈..^#.#.#.##^## ##..
...........##.#s†#^^.#.# #..
..#......P.^^..s@†#^#.## #..
..#........^^..†##^#.## #..
...........##^☼#.###^## ##..
..............#.##^...# ###...
........<...^.#.##..### #.#P..
..#...........^#.^^..# #####....
.##......P.#...###P..####..#P....
.P##.#..........###..##..........
....#............................


You could see a culicivora and a jumping spider.

Vanquished Creatures
  Gastronok (Lair:1)
  2 emperor scorpions (Lair:4)
  Nessos (Lair:6)
  An entropy weaver (Lair:4)
  The ghost of Fuch the Fighter, a journeyman DsCj of Okawaru (Lair:5)
  Azrael (Spider:1)
  A minotaur (Gauntlet)
  The ghost of t4s4d4r the Zephyrmancer, a journeyman DgAE (Lair:1)
  A green death (Gauntlet)
  9 hydras
  Harold (D:9)
  A boulder beetle (Lair:6)
  2 alligators (Lair:5)
  2 catoblepae (Lair:6)
  6 two-headed ogres
  8 death yaks
  A deep troll shaman (Lair:6)
  Nergalle (D:10)
  A pharaoh ant (Spider:1)
  2 steelbarb worms (Lair:4)
  A swamp dragon (Lair:5)
  A lindwurm (Lair:6)
  Pikel (D:8)
  4 wolf spiders
  An oklob plant (Lair:5)
  A moth of wrath (Lair:4)
  14 elephants
  Maurice (D:9)
  4 black mambas
  An apocalypse crab (Gauntlet)
  A torpor snail (Spider:1)
  Maggie (D:9)
  14 cane toads
  An orange demon (Gauntlet)
  2 gargoyles
  An unseen horror (D:11)
  6 komodo dragons
  2 ice devils (D:11)
  4 rime drakes
  Grinder (D:6)
  3 meliai
  A troll (D:8)
  2 tyrant leeches
  25 blink frogs
  4 polar bears
  2 hornets
  9 tarantellas
  5 dream sheep (Lair:6)
  11 jumping spiders
  3 wraiths
  8 culicivoras
  6 spriggans (Bailey)
  4 wyverns
  A water elemental (D:11)
  84 yaks
  A basilisk (Lair:5)
  18 redbacks
  5 fire elementals (Lair:4)
  A steam dragon (D:8)
  3 swamp worms (Lair:5)
  An acid dragon (Bailey)
  4 hell hounds (Lair:4)
  13 water moccasins
  A swamp drake (Lair:5)
  An ice beast (D:8)
  3 sky beasts
  7 orc warriors
  A black bear (Lair:6)
  12 ogres
  18 wolves
  A necrophage (D:5)
  4 centaurs
  2 lemures (D:8)
  4 kobold brigands
  16 bullfrogs
  2 gnoll sergeants
  A scorpion (D:7)
  12 killer bees
  7 wights (D:8)
  6 electric eels
  A howler monkey (D:4)
  2 jellies
  3 centaur zombies
  A bullfrog zombie (D:7)
  5 hounds
  8 orc priests
  A centaur skeleton (D:7)
  A gnoll shaman (D:8)
  A scorpion zombie (D:5)
  11 orc wizards
  A hound skeleton (D:5)
  2 mummies
  2 howler monkey zombies
  5 adders
  27 gnolls
  2 white imps (D:7)
  An adder skeleton (D:4)
  2 dart slugs
  44 orcs
  5 endoplasms
  A giant cockroach (D:1)
  15 goblins
  9 hobgoblins
  5 jackals
  22 kobolds
  3 quokkas
  4 ball pythons
  13 bats
  3 frilled lizards
  7 gnoll skeletons (Ossuary)
  8 kobold skeletons (Ossuary)
  10 orc skeletons (Ossuary)
  A rat (D:2)
644 creatures vanquished.

Vanquished Creatures (collateral kills)
  A blink frog (Lair:6)
1 creature vanquished.

Vanquished Creatures (others)
  A cane toad (Lair:6)
  A yak (Lair:6)
  2 kobolds (D:8)
  A fire vortex (Lair:1)
  37 fungi
  59 plants
101 creatures vanquished.

Grand Total: 746 creatures vanquished

Notes
Turn   | Place    | Note
-------+----------+-------------------------------------------
     0 | D:1      | Fuegan the Gargoyle Fighter began the quest for the Orb.
     0 | D:1      | Reached XP level 1. HP: 14/14 MP: 1/1
     2 | D:1      | Noticed a spriggan
     2 | D:1      | Noticed an elf
     4 | D:1      | Noticed an octopode
     4 | D:1      | Noticed a dwarf
     8 | D:1      | Noticed a demonspawn
     8 | D:1      | Noticed a gargoyle
    10 | D:1      | Noticed a ghoul
    12 | D:1      | Noticed a formicid
    12 | D:1      | Noticed a minotaur
    14 | D:1      | Noticed an ogre
    14 | D:1      | Noticed a draconian
    16 | D:1      | Noticed a human
    16 | D:1      | Noticed a troll
    18 | D:1      | Noticed a vampire
    20 | D:1      | Noticed a demigod
    22 | D:1      | Noticed a merfolk
    22 | D:1      | Noticed a felid
    24 | D:1      | Noticed a naga
    24 | D:1      | Noticed a tengu
    26 | D:1      | Noticed a vine stalker
   730 | D:1      | Found a faded altar of an unknown god.
   797 | D:1      | Reached XP level 2. HP: 19/19 MP: 2/2
  1639 | D:2      | Reached XP level 3. HP: 23/23 MP: 3/3
  2220 | D:2      | Reached XP level 4. HP: 29/29 MP: 4/4
  2599 | D:2      | Identified the +2 pair of boots of the New World {Str-3
                  | Int+3 SInv}
  2832 | D:2      | Reached skill level 1 in Stealth
  3034 | D:3      | Found a sparkling altar of Nemelex Xobeh.
  3354 | D:3      | Reached XP level 5. HP: 32/33 MP: 5/5
  4026 | D:4      | Identified the +3 chain mail of Levity {Dex+3}
  4087 | D:4      | Reached skill level 1 in Axes
  4221 | D:4      | Reached XP level 6. HP: 38/38 MP: 6/6
  4352 | D:4      | Reached skill level 4 in Fighting
  4544 | D:4      | Found a stormy altar of Qazlal.
  4548 | D:4      | Became a worshipper of Qazlal Stormbringer
  4903 | D:5      | Entered Level 5 of the Dungeon
  4921 | D:5      | Noticed a hornet
  4930 | D:5      | Killed a hornet
  4931 | D:5      | Reached XP level 7. HP: 32/44 MP: 7/7
  5074 | D:5      | Found a staircase to the Ecumenical Temple.
  5083 | Temple   | Entered the Ecumenical Temple
  5601 | D:5      | Reached skill level 5 in Armour
  5940 | D:5      | Reached XP level 8. HP: 41/48 MP: 8/8
  6467 | D:6      | Reached skill level 5 in Fighting
  6467 | D:6      | Reached skill level 5 in Maces & Flails
  6705 | D:6      | Noticed Grinder
  6790 | D:6      | Paralysed by Grinder for 3 turns
  6801 | D:6      | Killed Grinder
  7492 | D:7      | Reached XP level 9. HP: 54/54 MP: 9/9
  7520 | D:7      | Found a sand-covered staircase.
  7529 | Ossuary  | Entered an ossuary
  7605 | Ossuary  | Reached * piety under Qazlal
  7862 | D:7      | Found a shimmering blue altar of Sif Muna.
  7865 | D:7      | Found a shadowy altar of Dithmenos.
  7924 | D:7      | Found a sacrificial altar of Ru.
  7927 | D:7      | Found a hide-covered altar of Uskayaw.
  7971 | D:7      | Reached ** piety under Qazlal
  8191 | D:7      | Noticed a gargoyle
  8216 | D:7      | Killed a gargoyle
  8217 | D:7      | Reached skill level 5 in Shields
  8235 | D:7      | Reached skill level 6 in Fighting
  8673 | D:7      | Found a basalt altar of Yredelemnul.
  9271 | D:8      | Reached XP level 10. HP: 60/60 MP: 10/10
  9405 | D:8      | Reached skill level 10 in Maces & Flails
  9412 | D:8      | Noticed Pikel
  9445 | D:8      | Killed Pikel
  9554 | D:8      | Found a flagged portal.
  9570 | Bailey   | Entered a bailey
  9815 | Bailey   | Identified the +5 steam dragon scales of Resilience {Dex+2}
  9831 | Bailey   | Reached *** piety under Qazlal
  9888 | Bailey   | Noticed a two-headed ogre
  9960 | Bailey   | Reached skill level 7 in Fighting
 10048 | Bailey   | Killed a two-headed ogre
 10439 | D:8      | Reached XP level 11. HP: 61/67 MP: 11/11
 10557 | D:8      | Found a shimmering altar of Xom.
 10579 | D:8      | Reached skill level 8 in Fighting
 10880 | D:8      | Found a runed translucent gate.
 10880 | D:8      | Noticed Somebody's ghost (novice DrCA)
 10932 | D:8      | Found a runed translucent gate.
 11314 | D:8      | Found a runed translucent gate.
 11401 | D:9      | Noticed Harold
 11422 | D:9      | Killed Harold
 11423 | D:9      | Reached skill level 1 in Invocations
 11460 | D:9      | Found a blossoming altar of Fedhas.
 11461 | D:9      | Found an ancient bone altar of Kikubaaqudgha.
 11592 | D:9      | Found a white marble altar of Elyvilon.
 11592 | D:9      | Found a glowing silver altar of Zin.
 11592 | D:9      | Found a glowing golden altar of the Shining One.
 12010 | D:9      | Noticed Maggie
 12040 | D:9      | Killed Maggie
 12199 | D:9      | Noticed a two-headed ogre
 12224 | D:9      | Killed a two-headed ogre
 12225 | D:9      | Reached skill level 9 in Fighting
 12313 | D:9      | Noticed a two-headed ogre
 12323 | D:9      | Killed a two-headed ogre
 12323 | D:9      | Reached **** piety under Qazlal
 12324 | D:9      | Reached skill level 10 in Armour
 12336 | D:9      | Noticed Maurice
 12350 | D:9      | Killed Maurice
 12351 | D:9      | Reached skill level 1 in Dodging
 12842 | D:10     | Entered Level 10 of the Dungeon
 13205 | D:10     | Gained mutation: You have a pair of small horns on your
                  | head. [potion of mutation]
 13205 | D:10     | Gained mutation: You are partially covered in iridescent
                  | scales. (AC +2) [potion of mutation]
 13205 | D:10     | Gained mutation: Your flesh is heat resistant. (rF+)
                  | [potion of mutation]
 13292 | D:10     | Noticed Nergalle
 13294 | D:10     | Reached skill level 10 in Fighting
 13304 | D:10     | Killed Nergalle
 13305 | D:10     | Reached XP level 12. HP: 77/77 MP: 15/15
 13545 | D:11     | Noticed a two-headed ogre
 13548 | D:11     | Killed a two-headed ogre
 13549 | D:11     | Reached skill level 5 in Invocations
 13574 | D:11     | Noticed a two-headed ogre
 13587 | D:11     | Killed a two-headed ogre
 13623 | D:11     | Noticed a two-headed ogre
 13628 | D:11     | Killed a two-headed ogre
 13678 | D:11     | Reached skill level 11 in Fighting
 13778 | D:11     | Reached ***** piety under Qazlal
 13844 | D:11     | Found a staircase to the Orcish Mines.
 13889 | D:11     | Found a gate leading to a gauntlet.
 13960 | Gauntlet | Entered a Gauntlet
 13960 | Gauntlet | Found a transporter.
 13969 | Gauntlet | Found a transporter.
 13970 | Gauntlet | Noticed a great orb of eyes
 13986 | Gauntlet | Found a transporter.
 13990 | Gauntlet | Found a transporter.
 14001 | Gauntlet | Noticed a green death
 14011 | Gauntlet | Found a transporter.
 14023 | Gauntlet | Found a transporter.
 14027 | Gauntlet | Found a runed translucent door.
 14042 | Gauntlet | Found a transporter.
 14044 | Gauntlet | Found a transporter.
 14044 | Gauntlet | Found a transporter.
 14047 | Gauntlet | Found a transporter.
 14053 | Gauntlet | Found a transporter.
 14090 | Gauntlet | Noticed an entropy weaver
 14094 | Gauntlet | Found a transporter.
 14214 | Gauntlet | Killed a green death
 14224 | Gauntlet | Identified the ring of Sepedy {rPois Str+3}
 14298 | Gauntlet | Noticed a minotaur
 14318 | Gauntlet | Killed a minotaur
 14337 | Gauntlet | Identified the +6 arbalest of Ointment {flame, rElec rF+
                  | rCorr}
 14742 | D:11     | Found a staircase to the Lair.
 15202 | Lair:1   | Entered Level 1 of the Lair of Beasts
 15233 | D:11     | Reached skill level 12 in Fighting
 15262 | Lair:1   | Identified a scroll of acquirement
 15263 | Lair:1   | Acquired 618 gold pieces
 15317 | Lair:1   | Found a runed translucent door.
 15381 | Lair:1   | Reached XP level 13. HP: 60/87 MP: 18/18
 15449 | Lair:1   | Noticed Gastronok
 15459 | Lair:1   | Killed Gastronok
 15486 | Lair:1   | Reached skill level 13 in Fighting
 15606 | Lair:1   | Noticed t4s4d4r's ghost (journeyman DgAE)
 15713 | Lair:1   | Killed t4s4d4r's ghost
 16278 | Lair:2   | Reached skill level 5 in Dodging
 16662 | Lair:2   | Reached skill level 14 in Fighting
 17393 | Lair:3   | Reached ****** piety under Qazlal
 17725 | Lair:3   | Reached skill level 15 in Fighting
 17880 | Lair:3   | Reached skill level 1 in Long Blades
 17880 | Lair:3   | Reached skill level 1 in Bows
 17880 | Lair:3   | Reached skill level 1 in Crossbows
 17880 | Lair:3   | Reached skill level 1 in Conjurations
 17880 | Lair:3   | Reached skill level 1 in Hexes
 17880 | Lair:3   | Reached skill level 1 in Summonings
 17880 | Lair:3   | Reached skill level 1 in Translocations
 17880 | Lair:3   | Reached skill level 1 in Fire Magic
 17880 | Lair:3   | Reached skill level 1 in Ice Magic
 17880 | Lair:3   | Reached skill level 1 in Earth Magic
 17880 | Lair:3   | Reached skill level 1 in Poison Magic
 17880 | Lair:3   | Gained mutation: Your large and strong wings let you fly.
                  | [Gargoyle growth]
 17880 | Lair:3   | Reached XP level 14. HP: 98/98 MP: 20/20
 18351 | Lair:4   | Found a staircase to the Swamp.
 18545 | Lair:4   | Reached XP level 15. HP: 94/103 MP: 21/21
 18562 | Lair:4   | You are sucked into a shaft and drop 2 floors!
 18562 | Lair:6   | Entered Level 6 of the Lair of Beasts
 18809 | Lair:6   | Found a runed translucent door.
 18809 | Lair:6   | Found a viscous altar of Jiyva.
 18810 | Lair:6   | Found a staircase to the Slime Pits.
 18810 | Lair:6   | Noticed an acid blob
 18916 | Lair:6   | Noticed Nessos
 18977 | Lair:6   | Killed Nessos
 18978 | Lair:6   | Reached skill level 16 in Fighting
 19576 | Lair:6   | Reached skill level 10 in Invocations
 20308 | Lair:5   | Reached skill level 17 in Fighting
 20486 | Lair:5   | Noticed Fuch's ghost (journeyman DsCj)
 20487 | Lair:5   | Found a runed translucent gate.
 20488 | Lair:5   | Found a runed translucent gate.
 20490 | Lair:5   | Found a runed translucent gate.
 20501 | Lair:5   | Reached XP level 16. HP: 112/112 MP: 23/23
 20537 | Lair:5   | Killed Fuch's ghost
 20782 | Lair:5   | Found a blossoming altar of Fedhas.
 21182 | Lair:4   | Found a hole to the Spider Nest.
 21713 | Spider:1 | Entered Level 1 of the Spider Nest
 21713 | Spider:1 | Noticed Azrael
 22254 | Spider:1 | Reached skill level 18 in Fighting
 22266 | Spider:1 | Killed Azrael
 22274 | Lair:4   | Slain by a culicivora

Illustrated notes

Levels and vault maps discovered:
D:1:      kb_arrival_jail, layout_basic,
          dreamdust_ecumenical_altar_angels_and_demons, minmay_misc_feat_tiny,
          minmay_misc_feat_ornament, minmay_pentomino_u2
D:2:      layout_rooms, serial_bayou, serial_bayou_pond_d, serial_bayou_pond_a,
          serial_bayou_pond_c, serial_bayou_lagoon_b, minmay_goblin_outpost
D:3:      layout_basic, lemuel_crystal_altar
D:4:      layout_cave_pods, kennysheep_mini
D:5:      layout_loops_ring, minmay_temple_entry_gardened_gates
D:6:      layout_cave_pods, uniq_grinder
D:7:      layout_loops_ring, nicolae_overflow_hidden_temple,
          nicolae_overflow_crystal_walls, gup_ossuary_entry_pyramid,
          st_stairs_6, hangedman_abyss_or_decor_slice, minmay_misc_feat_hallway,
          minmay_between
D:8:      layout_loops_corners, xom_confusion_cloud, biasface_ghost_orc_armoury,
          enter_bailey_4, uniq_pikel
D:9:      layout_layer_cave, grunt_temple_overflow_growth_and_decay,
          good_gods_mini_temple, uniq_harold, uniq_maurice, uniq_maggie
D:10:     layout_roguey, uniq_nergalle
D:11:     layout_loops_ring, lair_entry_dummy, erik_orc_2,
          portal_ice_cave_demonic_guard, gauntlet_entry_generic,
          serial_park_tiny_1
Temple:   compressed_dpeg_triangle_lava_temple
Lair:1:   layout_gridlike, hellmonk_ghost_happy_afterlife, hibernation_bobbens,
          uniq_gastronok
Lair:2:   statuecave_lemuel, layout_regular_city, grunt_megastairs_1,
          lemuel_fruit_fields
Lair:3:   layout_small_grid, serial_bayou_lagoon_a
Lair:4:   layout_gridlike, swamp_mist, spider_nest_entry_rubble, serial_bayou,
          serial_bayou_pond_c, serial_bayou_pond_e, serial_bayou_shore_a,
          serial_bayou_pond_a, roderic_batcave
Lair:5:   onia_ninara_swampy_vault, layout_loops_ring,
          ebering_ghost_rock_garden, tgw_fedhas
Lair:6:   grunt_lair_end_beastmaster, layout_cellular_growth, slime_altar_2,
          uniq_nessos
Spider:1: layout_spider_delve, uniq_azrael

Skill      XL: |  1  2  3  4  5  6  7  8  9 10 11 12 13 14 15 16 |
---------------+-------------------------------------------------+-----
Maces & Flails | 3 4 7 9 11 | 11.8
Shields        | 4 5 6 |  6.0
Stealth        | 1 2 3 4 |  4.8
Armour         | 4 5 6 8 10 11 13 14 | 14.7
Axes           | 2 |  2.7
Fighting       | 4 5 6 7 10 12 15 17 18 | 18.0
Invocations    | 4 7 9 10 11 | 11.0
Dodging        | 1 4 5 6 |  6.9
Long Blades    | 1 |  1.0
Bows           | 1 |  1.1
Crossbows      | 1 |  1.1
Conjurations   | 1 |  1.4
Hexes          | 1 |  1.0
Summonings     | 1 |  1.0
Translocations | 1 |  1.0
Fire Magic     | 1 |  1.1
Ice Magic      | 1 |  1.1
Earth Magic    | 1 |  1.3
Poison Magic   | 1 |  1.1
Necromancy     | |  0.8
Transmutations | |  0.8
Air Magic      | |  0.8

Action                   |  1- 3 |  4- 6 |  7- 9 | 10-12 | 13-15 | 16-18 || total
-------------------------+-------+-------+-------+-------+-------+-------++-------
Melee: Flail             |   120 |    47 |       |       |       |       ||   167
       Battleaxe         |       |    80 |       |       |       |       ||    80
       Whip              |       |     9 |   422 |   863 |   974 |   349 ||  2617
       Headbutt          |       |       |       |   109 |   287 |    97 ||   493
Throw: Dart              |       |     7 |     3 |    27 |     2 |       ||    39
Invok: Disaster Area     |       |       |       |       |     3 |     3 ||     6
       Elemental Force   |       |       |       |       |     1 |       ||     1
  Use: Scroll            |       |     6 |     4 |    12 |     7 |       ||    29
       Potion            |       |       |     3 |     7 |     1 |     4 ||    15
 Stab: Invisible         |       |       |       |     1 |       |       ||     1
       Petrified         |       |       |       |       |    13 |       ||    13
       Confused          |       |       |       |       |     3 |       ||     3
       Petrifying        |       |       |       |       |     2 |       ||     2
       Distracted        |       |       |       |       |     1 |       ||     1
Armor: Scale mail        |    43 |       |       |       |       |       ||    43
       Plate armour      |    86 |    85 |       |       |       |       ||   171
       Chain mail        |       |    16 |   139 |   292 |   394 |   361 ||  1202
Dodge: Dodged            |    72 |    53 |   118 |   189 |   263 |   176 ||   871
       Repelled          |       |       |       |       |     3 |     1 ||     4
Block: Buckler           |    48 |     8 |    78 |   279 |   434 |   292 ||  1139

Table legend: (Time is in decaauts)
 A = Elapsed time spent in this place.
 B = Non-inter-level travel time spent in this place.
 C = Inter-level travel time spent in this place.
 D = Time resting spent in this place.
 E = Time spent auto-exploring this place.
 F = Levels seen in this place.
 G = Mean time per level.
                   A        B        C        D        E       F      G
               +--------+--------+--------+--------+--------+-----+--------+
         Total |  21209 |  20538 |    671 |   2751 |  12815 |  22 |  964.0 |
       Dungeon |  13092 |  12643 |    449 |   1938 |   7946 |  11 | 1190.2 |
        Temple |    283 |    253 |     30 |      0 |    245 |   1 |  283.0 |
          Lair |   6316 |   6124 |    192 |    341 |   4293 |   6 | 1052.7 |
   Spider Nest |     56 |     56 |      0 |      0 |      0 |   1 |   56.0 |
       Ossuary |    283 |    283 |      0 |     59 |    125 |   1 |  283.0 |
        Bailey |    787 |    787 |      0 |    400 |     97 |   1 |  787.0 |
      Gauntlet |    389 |    389 |      0 |     12 |    109 |   1 |  389.0 |
               +--------+--------+--------+--------+--------+-----+--------+

Top non-repeatable levels by time:
     D:1: 1968 daAuts
     D:9: 1438 daAuts
     D:8: 1352 daAuts
  Lair:6: 1315 daAuts
     D:7: 1281 daAuts
  Lair:4: 1270 daAuts
     D:5: 1205 daAuts
    D:11: 1159 daAuts
     D:2: 1110 daAuts
  Lair:3: 1054 daAuts
     D:4: 1046 daAuts
     D:6: 986 daAuts
  Lair:5: 981 daAuts
     D:3: 879 daAuts
  Lair:2: 856 daAuts
